 Dungeon Sprint DCSS version 0.21-a0-110-g8e1637b (webtiles) character file.

12150 minicreteconcrete the Spear-Bearer (level 11, 0/92 HPs)
             Began as a Demonspawn Skald on July 9, 2017.
             Was the Champion of Jiyva.
             Killed from afar by a naga mage (17 damage)
             ... with an orb of energy
             ... in the Dungeon (Sprint IX: "|||||||||||||||||||||||||||||").
             The game lasted 00:28:59 (1755 turns).

minicreteconcrete the Spear-Bearer (DsSk)           Turns: 1755, Time: 00:29:00

Health: 0/92       AC: 19    Str: 15    XL:     11   Next: 58%
Magic:  0/23       EV: 16    Int: 17    God:    Jiyva [******]
Gold:   0          SH:  0    Dex: 18    Spells: 19/26 levels left

rFire    + . .     SeeInvis .   R - +0 glaive
rCold    + . .     Gourm    .   (shield currently unavailable)
rNeg     . . .     Faith    .   t - +2 ring mail
rPois    .         Spirit   +   (helmet restricted)
rElec    .         Reflect  .   H - +0 cloak (curse)
rCorr    +         Harm     .   (no gloves)
MR       +....     Clarity  +   r - +0 pair of boots Stlth ++++......NoTele +
                                (no amulet)
HPRegen  1.25/turn              u - +2 ring of protection
MPRegen  0.36/turn              v - +2 ring of protection

@: lethally poisoned (0 -> -7), very slightly contaminated, regenerating
A: beak, talons 2, yellow scales 3, agile 2, clarity, clever 1, cold resistance
1, fire resistance 1, magic resistance 1, strong 1, wild magic 3, acidic bite,
translucent skin 1, magic shield, magic regeneration
a: Request Jelly, Slimify, Cure Bad Mutation, Renounce Religion


You were in the Dungeon.
You worshipped Jiyva.
Jiyva was exalted by your worship.
You were completely stuffed.

You visited 1 branch You collected 1556 gold pieces.
You spent 1556 gold pieces at shops.

Inventory:

Hand Weapons
 a - a +0 trident
 p - a +2 dire flail of protection
 q - a +0 spear
 D - the +6 war axe of the Vulture {venom, rF++ Int+9}
   (You found it in the Dungeon)

   It poisons the flesh of those it strikes.
   It affects your intelligence (+9).
   It greatly protects you from fire.
 J - the +2 halberd of Pandemonium {antimagic, +Fly}
   (You found it in the Dungeon)

   It reduces the magical energy of the wielder, and disrupts the spells and
   magical abilities of those hit.
   Natural abilities and divine invocations are not affected.
   It lets you fly.
 R - a +0 glaive (weapon)
Armour
 o - a +0 leather armour
 r - a +0 pair of boots (worn)
 s - a +0 helmet
 t - a +2 ring mail (worn)
 H - a cursed +0 cloak (worn)
 K - a cursed -1 chain mail
 P - the +4 scale mail of Experimentation {rCorr}
   (You found it in the Dungeon)

   It protects you from acid and corrosion.
Magical Staves
 b - an uncursed staff of energy
Jewellery
 u - a +2 ring of protection (left hand)
 v - a +2 ring of protection (right hand)
Wands
 c - a wand of clouds (5/9)
 n - a wand of lightning (0/15)
 I - a wand of polymorph (8/24)
Scrolls
 j - 2 scrolls of blinking
 l - 3 scrolls of remove curse
 m - 2 scrolls of amnesia
 y - 3 scrolls of identify
 A - 7 scrolls of fog
 B - 2 scrolls of recharging
 C - 3 scrolls of fear
 L - 2 scrolls of enchant weapon
 M - a scroll of brand weapon
Potions
 e - 6 potions of curing
 f - 2 potions of heal wounds
 g - 2 potions of haste
 h - 4 potions of magic
 i - 2 potions of mutation
 k - a potion of resistance
 w - a potion of brilliance
 x - a potion of berserk rage
 z - a potion of might
 N - a potion of agility
 O - a potion of invisibility
 Q - a potion of cancellation
Books
 G - a book of Battle

   Spells                             Type                      Level
   a - Infusion                       Charms                       1
   b - Shroud of Golubria             Charms/Translocation         2
   c - Song of Slaying                Charms                       2
   d - Spectral Weapon                Hexes/Charms                 3
   e - Regeneration                   Charms/Necromancy            3
Comestibles
 d - 13 bread rations
 E - 40 fruits
 F - 12 meat rations


   Skills:
 + Level 10.9 Fighting
 + Level 14.0 Polearms
 + Level 9.1 Armour
 + Level 8.0 Dodging
 + Level 9.7 Stealth
 + Level 8.4 Spellcasting
 + Level 3.2 Hexes
 + Level 8.6 Charms
 + Level 7.3 Necromancy
 + Level 7.5 Evocations


You had 19 spell levels left.
You knew the following spells:

 Your Spells              Type           Power        Failure   Level  Hunger
a - Infusion              Chrm           ####         4%          1    None
c - Spectral Weapon       Hex/Chrm       ######..     17%         3    #......
r - Regeneration          Chrm/Necr      ######....   10%         3    #......


Dungeon Overview and Level Annotations

Branches:
Dungeon (1/1)

Altars:
Cheibriados
Dithmenos
Elyvilon
Fedhas
Gozag
Hepliaklqana
Kikubaaqudgha
Makhleb
Nemelex Xobeh
Okawaru
Qazlal
Ru
Sif Muna
Trog
Uskayaw
Vehumet
Wu Jian
Xom
Yredelemnul
Zin
The Shining One
Beogh
Jiyva
Lugonu

Shops:
D ??!=


Innate Abilities, Weirdness & Mutations

You have razor-sharp toenails.
You are completely covered in yellow scales. (AC +4, rCorr)
When hurt, damage is shared between your health and your magic reserves.
You regenerate magic rapidly.
You have a beak for a mouth.
You are very agile. (Dex +4)
You possess an exceptional clarity of mind.
Your mind is acute. (Int +2)
Your flesh is cold resistant. (rC+)
Your flesh is heat resistant. (rF+)
You are resistant to hostile enchantments. (MR+)
Your muscles are strong. (Str +2)
Your spells are much harder to cast, but much more powerful.
You have acidic saliva.
Your translucent skin slightly reduces your foes' accuracy. (Stealth)


Message History

The splash of poison hits you!
You are more poisoned.
The naga mage constricts you.
Wield which item (- for none, * to show all)? (? for menu, Esc to quit)
Your spectral weapon disappears as you unwield.
R - a +0 glaive (weapon)
The naga mage points at you and mumbles some strange words.
You resist with almost no effort. The naga mage constricts you.
Unknown command.
You escape the naga mage's grasp.
You feel sick.
The naga mage gestures at you while chanting.
The poison arrow hits you!
You are more poisoned.
* * * LOW HITPOINT WARNING * * *
You swap places.
You feel very sick.
The naga mage points at you and mumbles some strange words.
The orb of energy hits the azure jelly.
The orb of energy explodes!
The mystic blast hits you!
You die...

*
,▓'▓.▓.▓.▓.▓.▓.▓.▓_
♣§♣.▓.▓.▓.▓.▓.▓.▓_
♣§♣.▓.▓.▓.▓.▓.▓.▓_
♣S♣.▓.▓.▓.▓.▓.▓.▓_
♣S♣.▓.▓.▓.▓.▓'▓.▓_
♣N♣.▓.▓.▓.▓.▓.▓.▓_
*
♣)♣.▓.▓.▓.▓.▓.▓.▓J
,♣J♣.▓.▓.▓.▓.▓.▓.▓_
,♣@♣.▓.▓.▓'▓.▓.▓.▓_
♣.♣.▓.▓.▓.▓.▓.▓.▓_
♣'♣.▓.▓.▓.▓.▓.▓.▓_
▓.▓.▓.▓.▓.▓.▓.▓.▓_
▓.▓.▓.▓.▓.▓.▓.▓.▓_
▓.▓.▓.▓.▓†▓J▓÷▓.▓_
,▓.▓.▓.▓.▓)▓J▓÷▓.▓_
▓.▓.▓.▓.▓.▓.▓.▓.▓_
▓.▓.▓.▓.▓.▓.▓.▓.▓_


You could see 2 black mambas, a naga mage and a neutral azure jelly (fellow
slime).

Vanquished Creatures
  A merfolk javelineer (D)
  2 hydras (D)
  An alligator (D)
  3 orc high priests (D)
  A swamp dragon (D)
  3 orc knights (D)
  2 salamanders (D)
  Psyche (D)
  A rime drake (shapeshifter) (D)
  A komodo dragon (D)
  A spiny frog (D)
  A kobold demonologist (D)
  A wyvern (D)
  A polar bear (D)
  3 hippogriffs (D)
  A yak (D)
  A water elemental (D)
  A water moccasin (D)
  2 porcupines (D)
  A swamp drake (D)
  3 orc warriors (D)
  An ice beast (D)
  An ogre (D)
  A necrophage (D)
  A centaur (D)
  A crocodile (D)
  A bullfrog (D)
  A wight (D)
  A crimson imp (D)
  2 orc priests (D)
  5 orc wizards (D)
  2 worker ants (D)
  An ooze (D)
  4 worms (D)
  A leopard gecko (D)
  7 orcs (D)
  A bat (D)
  2 bat skeletons (D)
  A giant cockroach (D)
  2 jackals (D)
  3 rats (D)
71 creatures vanquished.

Vanquished Creatures (collateral kills)
  A thorn hunter (D)
  A shambling mangrove (D)
  An orc knight (D)
3 creatures vanquished.

Vanquished Creatures (others)
  An acid blob (D)
  A merfolk impaler (D)
  A hydra (D)
  A two-headed ogre (D)
  2 vampire magi (D)
  2 orc high priests (D)
  A sea snake (D)
  2 unseen horrors (D)
  5 orc knights (D)
  A necromancer (D)
  A lindwurm (D)
  A cyclops (D)
  A manticore (D)
  A merfolk siren (D)
  A naga mage (D)
  A yaktaur (D)
  6 slime creatures (D)
  2 tyrant leeches (D)
  A shadow (D)
  A basilisk (D)
  5 orc warriors (D)
  12 jellies (D)
  A crimson imp (D)
  A worker ant (D)
52 creatures vanquished.

Grand Total: 126 creatures vanquished

Notes
Turn   | Place    | Note
-------+----------+-------------------------------------------
     0 | D        | minicreteconcrete the Demonspawn Skald began the quest for the Orb.
     0 | D        | Reached XP level 1. HP: 16/16 MP: 3/3
    18 | D        | Reached skill level 2 in Polearms
    34 | D        | Reached skill level 1 in Armour
   209 | D        | Noticed a crimson imp
   220 | D        | Killed a crimson imp
   220 | D        | Reached skill level 3 in Polearms
   220 | D        | Reached skill level 1 in Stealth
   220 | D        | Gained mutation: You are partially covered in yellow scales. (AC +2) [demonic ancestry]
   220 | D        | Reached XP level 2. HP: 24/24 MP: 0/6
   220 | D        | Gained mutation: You have sharp toenails. [demonic ancestry]
   220 | D        | Reached XP level 3. HP: 29/29 MP: 0/7
   235 | D        | Found a roughly hewn altar of Beogh.
   235 | D        | Found a snail-covered altar of Cheibriados.
   235 | D        | Found a shadowy altar of Dithmenos.
   235 | D        | Found a white marble altar of Elyvilon.
   235 | D        | Found a blossoming altar of Fedhas.
   235 | D        | Found an opulent altar of Gozag.
   236 | D        | Found a hazy altar of Hepliaklqana.
   237 | D        | Found a viscous altar of Jiyva.
   238 | D        | Found an ancient bone altar of Kikubaaqudgha.
   239 | D        | Found a corrupted altar of Lugonu.
   240 | D        | Found a burning altar of Makhleb.
   241 | D        | Found a sparkling altar of Nemelex Xobeh.
   242 | D        | Found an iron altar of Okawaru.
   243 | D        | Found a stormy altar of Qazlal.
   244 | D        | Found a sacrificial altar of Ru.
   245 | D        | Became a worshipper of Jiyva Juaxt the Shapeless
   246 | D        | Found a deep blue altar of Sif Muna.
   247 | D        | Found a bloodstained altar of Trog.
   248 | D        | Found a hide-covered altar of Uskayaw.
   249 | D        | Found a radiant altar of Vehumet.
   250 | D        | Found an ornate altar of the Wu Jian Council.
   251 | D        | Found a shimmering altar of Xom.
   252 | D        | Found a basalt altar of Yredelemnul.
   253 | D        | Found a glowing silver altar of Zin.
   254 | D        | Found a glowing golden altar of the Shining One.
   272 | D        | Got the +2 halberd of Pandemonium {antimagic, +Fly}
   293 | D        | Reached * piety under Jiyva
   295 | D        | Reached ** piety under Jiyva
   295 | D        | Reached *** piety under Jiyva
   295 | D        | Gained mutation: Your flesh is cold resistant. (rC+) [Jiyva's grace]
   300 | D        | Learned a level 3 spell: Regeneration
   304 | D        | Learned a level 3 spell: Spectral Weapon
   304 | D        | Noticed an ogre
   304 | D        | Noticed a centaur
   314 | D        | Reached XP level 4. HP: 19/35 MP: 3/9
   328 | D        | Killed a centaur
   328 | D        | Reached skill level 5 in Polearms
   328 | D        | Reached XP level 5. HP: 29/42 MP: 3/11
   334 | D        | Killed an ogre
   334 | D        | Reached skill level 6 in Polearms
   334 | D        | Reached skill level 5 in Charms
   342 | D        | Gained mutation: You are mostly covered in yellow scales. (AC +3) [demonic ancestry]
   342 | D        | Reached XP level 6. HP: 25/48 MP: 4/12
   388 | D        | Noticed an ice beast
   388 | D        | Noticed a kobold demonologist
   392 | D        | Noticed a sun demon
   393 | D        | Killed a kobold demonologist
   393 | D        | Reached skill level 8 in Polearms
   393 | D        | Reached skill level 5 in Stealth
   393 | D        | Reached skill level 1 in Necromancy
   393 | D        | Gained mutation: When hurt, damage is shared between your health and your magic reserves. [demonic ancestry]
   393 | D        | Reached XP level 7. HP: 55/55 MP: 4/14
   393 | D        | Reached **** piety under Jiyva
   396 | D        | Gained mutation: Your flesh is heat resistant. (rF+) [Jiyva's grace]
   397 | D        | Reached ***** piety under Jiyva
   397 | D        | Lost mutation: Your flesh is heat resistant. (rF+) [Jiyva's grace]
   397 | D        | Gained mutation: You can translocate small distances at will. [Jiyva's grace]
   401 | D        | Reached skill level 5 in Fighting
   411 | D        | Reached skill level 5 in Armour
   411 | D        | Reached skill level 5 in Spellcasting
   420 | D        | Gained mutation: You are agile. (Dex +2) [Jiyva's grace]
   420 | D        | Reached ****** piety under Jiyva
   547 | D        | Noticed a yak
   547 | D        | Noticed a komodo dragon
   547 | D        | Noticed a five-headed hydra
   547 | D        | Noticed a hippogriff
   553 | D        | Killed a hippogriff
   555 | D        | Reached skill level 9 in Polearms
   557 | D        | Noticed a hippogriff
   557 | D        | Gained mutation: You are completely covered in yellow scales. (AC +4, rCorr) [demonic ancestry]
   557 | D        | Reached XP level 8. HP: 55/64 MP: 1/16
   567 | D        | Killed a five-headed hydra
   567 | D        | Reached skill level 1 in Hexes
   571 | D        | Killed a komodo dragon
   571 | D        | Reached skill level 10 in Polearms
   571 | D        | Gained mutation: You regenerate magic rapidly. [demonic ancestry]
   571 | D        | Reached XP level 9. HP: 7/71 MP: 1/18
   661 | D        | Reached skill level 5 in Dodging
   665 | D        | Gained mutation: Your natural rate of healing is unusually fast. [Jiyva's grace]
   668 | D        | Lost mutation: Your flesh is cold resistant. (rC+) [Jiyva's grace]
   668 | D        | Lost mutation: You are agile. (Dex +2) [Jiyva's grace]
   757 | D        | Gained mutation: Your muscles are strong. (Str +2) [Jiyva's grace]
   758 | D        | Lost mutation: Your muscles are strong. (Str +2) [Jiyva's grace]
   761 | D        | Gained mutation: Your translucent skin slightly reduces your foes' accuracy. (Stealth) [Jiyva's grace]
   761 | D        | Lost mutation: Your natural rate of healing is unusually fast. [Jiyva's grace]
   764 | D        | Gained mutation: Your flesh is heat resistant. (rF+) [Jiyva's grace]
   770 | D        | Gained mutation: You are covered in slimy tendrils that may disarm your opponents. [Jiyva's grace]
   770 | D        | Gained mutation: You passively map a small area around you. [Jiyva's grace]
   773 | D        | Gained mutation: You passively map the area around you. [Jiyva's grace]
   774 | D        | Noticed a five-headed hydra
   774 | D        | Noticed a black mamba
   774 | D        | Noticed a spiny frog
   774 | D        | Lost mutation: Your flesh is heat resistant. (rF+) [Jiyva's grace]
   775 | D        | Gained mutation: You have very sharp teeth. [Jiyva's grace]
   778 | D        | Killed a spiny frog
   778 | D        | Lost mutation: Your translucent skin slightly reduces your foes' accuracy. (Stealth) [Jiyva's grace]
   779 | D        | Gained mutation: You have a small jelly attached to you that may absorb incoming projectiles. [Jiyva's grace]
   779 | D        | Gained mutation: You are robust. (+10% HP) [Jiyva's grace]
   780 | D        | Slimified a black mamba
   780 | D        | a black mamba changed into a slime creature
   780 | D        | Gained mutation: Your mind is acute. (Int +2) [Jiyva's grace]
   780 | D        | Lost mutation: You are robust. (+10% HP) [Jiyva's grace]
   781 | D        | Lost mutation: Your mind is acute. (Int +2) [Jiyva's grace]
   783 | D        | Slimified a five-headed hydra
   783 | D        | a five-headed hydra changed into a slime creature
   785 | D        | Noticed a polar bear
   785 | D        | Noticed a komodo dragon
   785 | D        | Gained mutation: You do not regenerate when monsters are visible. [Jiyva's grace]
   785 | D        | Lost mutation: You passively map the area around you. [Jiyva's grace]
   789 | D        | Lost mutation: You are covered in slimy tendrils that may disarm your opponents. [Jiyva's grace]
   792 | D        | Gained mutation: You are robust. (+10% HP) [Jiyva's grace]
   793 | D        | Gained mutation: You have extremely sharp teeth. [Jiyva's grace]
   799 | D        | Gained mutation: Your translucent skin slightly reduces your foes' accuracy. (Stealth) [Jiyva's grace]
   802 | D        | Lost mutation: You have a small jelly attached to you that may absorb incoming projectiles. [Jiyva's grace]
   810 | D        | Lost mutation: You do not regenerate when monsters are visible. [Jiyva's grace]
   814 | D        | Gained mutation: Your rubbery body absorbs attacks. (AC +1, EV +1) [Jiyva's grace]
   814 | D        | Gained mutation: You are agile. (Dex +2) [Jiyva's grace]
   814 | D        | Gained mutation: Your spells are a little easier to cast, but a little less powerful. [Jiyva's grace]
   816 | D        | Lost mutation: Your rubbery body absorbs attacks. (AC +1, EV +1) [Jiyva's grace]
   827 | D        | Killed a polar bear
   830 | D        | Slimified a komodo dragon
   830 | D        | a komodo dragon changed into a slime creature
   833 | D        | Lost mutation: You are agile. (Dex +2) [Jiyva's grace]
   834 | D        | Gained mutation: You are covered in slimy tendrils that may disarm your opponents. [Jiyva's grace]
   834 | D        | Lost mutation: You passively map a small area around you. [Jiyva's grace]
   841 | D        | Lost mutation: Your spells are a little easier to cast, but a little less powerful. [Jiyva's grace]
   841 | D        | Gained mutation: You are very robust. (+20% HP) [Jiyva's grace]
   843 | D        | Noticed a lindwurm
   843 | D        | Noticed a tyrant leech
   843 | D        | Noticed a lindwurm
   851 | D        | Noticed a tyrant leech
   857 | D        | Slimified a lindwurm
   857 | D        | Noticed an azure jelly
   857 | D        | a lindwurm changed into an azure jelly
   858 | D        | Killed a tyrant leech
   860 | D        | Killed a lindwurm
   861 | D        | Killed a tyrant leech
   868 | D        | Reached skill level 11 in Polearms
   880 | D        | Got the +6 war axe of the Vulture {venom, rF++ Int+9}
   896 | D        | Gained mutation: Your spells are a little harder to cast, but a little more powerful. [Jiyva's grace]
   915 | D        | Lost mutation: You are very robust. (+20% HP) [Jiyva's grace]
   921 | D        | Lost mutation: You can translocate small distances at will. [Jiyva's grace]
   942 | D        | Noticed Maurice
   958 | D        | Slimified Maurice
   958 | D        | Noticed Maurice
  1010 | D        | Reached skill level 5 in Necromancy
  1021 | D        | Lost mutation: Your spells are a little harder to cast, but a little more powerful. [Jiyva's grace]
  1024 | D        | Lost mutation: You are robust. (+10% HP) [Jiyva's grace]
  1025 | D        | Gained mutation: Scrolls take you a little longer to read. [Jiyva's grace]
  1030 | D        | Lost mutation: Scrolls take you a little longer to read. [Jiyva's grace]
  1031 | D        | Gained mutation: You have sharp fingernails. [Jiyva's grace]
  1034 | D        | Gained mutation: You can translocate small distances at will. [Jiyva's grace]
  1045 | D        | Lost mutation: You can translocate small distances at will. [Jiyva's grace]
  1047 | D        | Gained mutation: You have a pair of small antennae on your head. [Jiyva's grace]
  1054 | D        | Gained mutation: You have acidic saliva. [Jiyva's grace]
  1055 | D        | Gained mutation: Your spells are a little harder to cast, but a little more powerful. [Jiyva's grace]
  1067 | D        | Noticed an orc knight
  1067 | D        | Noticed an orc sorcerer
  1069 | D        | Slimified an orc sorcerer
  1069 | D        | Noticed an azure jelly
  1069 | D        | an orc sorcerer changed into an azure jelly
  1070 | D        | Noticed an orc knight
  1070 | D        | Gained mutation: You have razor-sharp toenails. [Jiyva's grace]
  1073 | D        | Gained mutation: Your mind is acute. (Int +2) [Jiyva's grace]
  1073 | D        | Lost mutation: You have razor-sharp toenails. [Jiyva's grace]
  1075 | D        | Lost mutation: Your spells are a little harder to cast, but a little more powerful. [Jiyva's grace]
  1075 | D        | Killed an orc knight
  1080 | D        | Killed an orc knight
  1081 | D        | Gained mutation: You are frail. (-10% HP) [Jiyva's grace]
  1081 | D        | Lost mutation: You have extremely sharp teeth. [Jiyva's grace]
  1081 | D        | Lost mutation: You have very sharp teeth. [Jiyva's grace]
  1081 | D        | Gained mutation: You have a beak for a mouth. [Jiyva's grace]
  1081 | D        | Lost mutation: You have acidic saliva. [Jiyva's grace]
  1083 | D        | Gained mutation: Armour fits poorly on your pseudopods. [Jiyva's grace]
  1083 | D        | Lost mutation: Your translucent skin slightly reduces your foes' accuracy. (Stealth) [Jiyva's grace]
  1083 | D        | Gained mutation: Your skin changes colour to match your surroundings (Stealth+). [Jiyva's grace]
  1083 | D        | Gained mutation: Your flesh is cold resistant. (rC+) [Jiyva's grace]
  1099 | D        | Reached XP level 10. HP: 53/72 MP: 5/20
  1103 | D        | Gained mutation: Your flesh is heat resistant. (rF+) [Jiyva's grace]
  1103 | D        | Gained mutation: You have very sharp fingernails. [Jiyva's grace]
  1103 | D        | Gained mutation: You have supernaturally acute eyesight. (SInv) [Jiyva's grace]
  1103 | D        | Lost mutation: Your mind is acute. (Int +2) [Jiyva's grace]
  1104 | D        | Gained mutation: Your flesh is very cold resistant. (rC++) [Jiyva's grace]
  1106 | D        | Gained mutation: Your body has grown golden eyes which may confuse attackers. (Acc +3) [Jiyva's grace]
  1106 | D        | Gained mutation: You have a small jelly attached to you that senses nearby items. [Jiyva's grace]
  1110 | D        | Found Jesch's Jewellery Boutique.
  1110 | D        | Noticed an orc high priest
  1110 | D        | Noticed an orc knight
  1110 | D        | Noticed an orc knight
  1110 | D        | Noticed an orc high priest
  1110 | D        | Noticed an orc high priest
  1112 | D        | Noticed a sixfirhy
  1113 | D        | Slimified an orc high priest
  1113 | D        | an orc high priest changed into a slime creature
  1114 | D        | Noticed an orc high priest
  1116 | D        | Lost mutation: You are covered in slimy tendrils that may disarm your opponents. [Jiyva's grace]
  1120 | D        | Lost mutation: You have very sharp fingernails. [Jiyva's grace]
  1120 | D        | Killed an orc high priest
  1122 | D        | Gained mutation: Your body has grown many golden eyes which may confuse attackers. (Acc +5) [Jiyva's grace]
  1123 | D        | Gained mutation: Your spells are a little harder to cast, but a little more powerful. [Jiyva's grace]
  1124 | D        | Gained mutation: Your spells are harder to cast, but more powerful. [Jiyva's grace]
  1126 | D        | Noticed a sixfirhy
  1126 | D        | Noticed a rust devil
  1127 | D        | Lost mutation: Armour fits poorly on your pseudopods. [Jiyva's grace]
  1128 | D        | Lost mutation: You have a small jelly attached to you that senses nearby items. [Jiyva's grace]
  1130 | D        | Killed an orc knight
  1131 | D        | Killed an orc high priest
  1131 | D        | Reached skill level 12 in Polearms
  1131 | D        | Killed an orc high priest
  1132 | D        | Lost mutation: You have sharp fingernails. [Jiyva's grace]
  1135 | D        | Lost mutation: You are frail. (-10% HP) [Jiyva's grace]
  1136 | D        | Gained mutation: Armour fits poorly on your pseudopods. [Jiyva's grace]
  1136 | D        | Killed an orc knight
  1137 | D        | Gained mutation: You possess an exceptional clarity of mind. [Jiyva's grace]
  1143 | D        | Noticed an orc knight
  1144 | D        | Noticed an orc high priest
  1153 | D        | Noticed a sun demon
  1165 | D        | Killed an orc knight
  1167 | D        | Killed an orc high priest
  1167 | D        | Reached skill level 10 in Fighting
  1187 | D        | Found Etiyb's Distillery.
  1189 | D        | Lost mutation: Your skin changes colour to match your surroundings (Stealth+). [Jiyva's grace]
  1189 | D        | Gained mutation: Your translucent skin slightly reduces your foes' accuracy. (Stealth) [Jiyva's grace]
  1191 | D        | Gained mutation: Your spells are much harder to cast, but much more powerful. [Jiyva's grace]
  1193 | D        | Lost mutation: Your spells are much harder to cast, but much more powerful. [Jiyva's grace]
  1193 | D        | Gained mutation: You are covered in slimy tendrils that may disarm your opponents. [Jiyva's grace]
  1198 | D        | Found Ciesa Cisk's Magic Scroll Boutique.
  1200 | D        | Lost mutation: Your flesh is very cold resistant. (rC++) [Jiyva's grace]
  1200 | D        | Lost mutation: You have a pair of small antennae on your head. [Jiyva's grace]
  1202 | D        | Found Igalel Fyts's Magic Scroll Shop.
  1203 | D        | Gained mutation: You are somewhat resistant to further mutation. [Jiyva's grace]
  1204 | D        | Noticed an orc knight
  1205 | D        | Noticed an orc knight
  1205 | D        | Gained mutation: Your rubbery body absorbs attacks. (AC +1, EV +1) [Jiyva's grace]
  1206 | D        | Noticed an orc high priest
  1208 | D        | Noticed an orc knight
  1211 | D        | Noticed a rust devil
  1216 | D        | Killed an orc knight
  1218 | D        | Noticed a smoke demon
  1223 | D        | Noticed an orc knight
  1231 | D        | Killed an orc knight
  1233 | D        | Lost mutation: You are covered in slimy tendrils that may disarm your opponents. [Jiyva's grace]
  1234 | D        | Killed an orc high priest
  1234 | D        | Reached skill level 13 in Polearms
  1235 | D        | Gained mutation: You have a pair of small horns on your head. [Jiyva's grace]
  1235 | D        | Lost mutation: Your flesh is heat resistant. (rF+) [Jiyva's grace]
  1235 | D        | Gained mutation: Your translucent skin reduces your foes' accuracy. (Stealth) [Jiyva's grace]
  1235 | D        | Gained mutation: You have a pair of horns on your head. [Jiyva's grace]
  1243 | D        | Killed an orc knight
  1247 | D        | Lost mutation: You have a pair of horns on your head. [Jiyva's grace]
  1257 | D        | Killed an orc knight
  1259 | D        | Lost mutation: You have a pair of small horns on your head. [Jiyva's grace]
  1261 | D        | Bought a scroll of recharging for 133 gold pieces
  1261 | D        | Bought a scroll of enchant weapon for 105 gold pieces
  1261 | D        | Bought a scroll of brand weapon for 280 gold pieces
  1261 | D        | Bought a scroll of recharging for 133 gold pieces
  1261 | D        | Bought a scroll of fear for 49 gold pieces
  1261 | D        | Bought a scroll of fog for 28 gold pieces
  1263 | D        | Bought a scroll of enchant weapon for 90 gold pieces
  1265 | D        | Bought a potion of heal wounds for 60 gold pieces
  1265 | D        | Bought a potion of haste for 120 gold pieces
  1265 | D        | Bought a potion of agility for 48 gold pieces
  1265 | D        | Bought a potion of invisibility for 96 gold pieces
  1269 | D        | Bought a potion of degeneration for 12 gold pieces
  1269 | D        | Bought a potion of mutation for 96 gold pieces
  1269 | D        | Bought a potion of cancellation for 96 gold pieces
  1270 | D        | Bought a potion of curing for 36 gold pieces
  1272 | D        | Bought a scroll of fog for 24 gold pieces
  1272 | D        | Bought a scroll of fog for 24 gold pieces
  1272 | D        | Bought a scroll of fear for 42 gold pieces
  1274 | D        | Bought a scroll of fog for 28 gold pieces
  1274 | D        | Bought a scroll of identify for 28 gold pieces
  1274 | D        | Bought a scroll of identify for 28 gold pieces
  1310 | D        | Noticed Joseph
  1314 | D        | Slimified Joseph
  1314 | D        | Noticed Joseph
  1314 | D        | Joseph changed into Joseph the slime creature
  1329 | D        | Noticed Urug
  1330 | D        | Gained mutation: You are somewhat resistant to both further mutation and mutation removal. [Jiyva's grace]
  1336 | D        | Slimified Urug
  1336 | D        | Noticed Urug
  1336 | D        | Urug changed into Urug the acid blob
  1340 | D        | Gained mutation: Your spells are much harder to cast, but much more powerful. [Jiyva's grace]
  1351 | D        | Noticed Psyche
  1371 | D        | Killed Psyche
  1371 | D        | Gained mutation: You have razor-sharp toenails. [demonic ancestry]
  1371 | D        | Reached XP level 11. HP: 76/92 MP: 18/22
  1389 | D        | Gained mutation: You are agile. (Dex +2) [Jiyva's grace]
  1393 | D        | Gained mutation: You are covered in fur. (AC +1) [Jiyva's grace]
  1410 | D        | Got the +4 scale mail of Experimentation {rCorr}
  1427 | D        | Noticed a purple ugly thing
  1427 | D        | Noticed a centaur warrior
  1427 | D        | Noticed an unseen horror
  1427 | D        | Noticed an unseen horror
  1433 | D        | Killed an unseen horror
  1435 | D        | Noticed a two-headed ogre
  1435 | D        | Killed an unseen horror
  1435 | D        | Gained mutation: You are very agile. (Dex +4) [Jiyva's grace]
  1435 | D        | Lost mutation: Armour fits poorly on your pseudopods. [Jiyva's grace]
  1439 | D        | Slimified a centaur warrior
  1439 | D        | a centaur warrior changed into a slime creature
  1440 | D        | Lost mutation: Your rubbery body absorbs attacks. (AC +1, EV +1) [Jiyva's grace]
  1443 | D        | Slimified a purple ugly thing
  1443 | D        | a purple ugly thing changed into a slime creature
  1444 | D        | Noticed a deep troll earth mage
  1447 | D        | Noticed an unseen horror
  1447 | D        | a hog changed into an unseen horror
  1455 | D        | an unseen horror changed into a rime drake
  1458 | D        | Noticed a vampire mage
  1466 | D        | Noticed a vampire mage
  1466 | D        | Noticed an acid blob
  1466 | D        | a cyclops changed into an acid blob
  1467 | D        | Noticed a necromancer
  1468 | D        | Killed a two-headed ogre
  1470 | D        | Killed an acid blob
  1472 | D        | Slimified a deep troll earth mage
  1472 | D        | Noticed an acid blob
  1472 | D        | a deep troll earth mage changed into an acid blob
  1476 | D        | Noticed an ice dragon
  1476 | D        | Killed a vampire mage
  1482 | D        | Killed a vampire mage
  1485 | D        | Killed a necromancer
  1490 | D        | Slimified an ice dragon
  1490 | D        | Noticed an acid blob
  1490 | D        | an ice dragon changed into an acid blob
  1490 | D        | Lost mutation: You are very agile. (Dex +4) [Jiyva's grace]
  1502 | D        | Lost mutation: You are agile. (Dex +2) [Jiyva's grace]
  1504 | D        | Lost mutation: You are somewhat resistant to both further mutation and mutation removal. [Jiyva's grace]
  1538 | D        | Noticed Nessos
  1541 | D        | Slimified Nessos
  1541 | D        | Noticed Nessos
  1541 | D        | Nessos changed into Nessos the slime creature
  1542 | D        | Lost mutation: You have supernaturally acute eyesight. (SInv) [Jiyva's grace]
  1572 | D        | Gained mutation: Your flesh is very cold resistant. (rC++) [Jiyva's grace]
  1597 | D        | Noticed a merfolk javelineer
  1597 | D        | Noticed a sea snake
  1597 | D        | Noticed a merfolk impaler
  1597 | D        | Noticed a sea snake
  1600 | D        | Slimified a sea snake
  1600 | D        | Noticed an azure jelly
  1600 | D        | a sea snake changed into an azure jelly
  1603 | D        | Noticed a sea snake
  1611 | D        | Killed a merfolk impaler
  1625 | D        | Killed a sea snake
  1626 | D        | Lost mutation: You are somewhat resistant to further mutation. [Jiyva's grace]
  1647 | D        | Killed a merfolk javelineer
  1648 | D        | Lost mutation: Your body has grown many golden eyes which may confuse attackers. (Acc +5) [Jiyva's grace]
  1649 | D        | Gained mutation: You are resistant to hostile enchantments. (MR+) [Jiyva's grace]
  1649 | D        | Gained mutation: You are agile. (Dex +2) [Jiyva's grace]
  1653 | D        | Slimified a sea snake
  1653 | D        | Noticed an azure jelly
  1653 | D        | a sea snake changed into an azure jelly
  1654 | D        | Lost mutation: Your body has grown golden eyes which may confuse attackers. (Acc +3) [Jiyva's grace]
  1656 | D        | Gained mutation: Your muscles are strong. (Str +2) [Jiyva's grace]
  1664 | D        | Noticed a swamp dragon
  1664 | D        | Noticed a thorn hunter
  1664 | D        | Noticed a shambling mangrove
  1664 | D        | Gained mutation: You have acidic saliva. [Jiyva's grace]
  1664 | D        | Lost mutation: Your flesh is very cold resistant. (rC++) [Jiyva's grace]
  1666 | D        | Noticed an alligator
  1676 | D        | Killed a five-headed hydra
  1677 | D        | Noticed an eight-headed hydra
  1682 | D        | Killed a swamp dragon
  1687 | D        | Killed an alligator
  1689 | D        | Killed a shambling mangrove
  1692 | D        | Killed an eight-headed hydra
  1692 | D        | Killed a thorn hunter
  1695 | D        | Noticed a death ooze
  1695 | D        | a bog body changed into a death ooze
  1698 | D        | Gained mutation: Your mind is acute. (Int +2) [Jiyva's grace]
  1700 | D        | Lost mutation: Your mind is acute. (Int +2) [Jiyva's grace]
  1725 | D        | Lost mutation: You are covered in fur. (AC +1) [Jiyva's grace]
  1727 | D        | Gained mutation: Your flesh is heat resistant. (rF+) [Jiyva's grace]
  1728 | D        | Gained mutation: You are very agile. (Dex +4) [Jiyva's grace]
  1729 | D        | Gained mutation: Your mind is acute. (Int +2) [Jiyva's grace]
  1729 | D        | Lost mutation: Your translucent skin reduces your foes' accuracy. (Stealth) [Jiyva's grace]
  1751 | D        | Reached skill level 14 in Polearms
  1755 | D        | Killed from afar by a naga mage

Vault maps used:
D:        linesprint

Skill      XL: |  1  2  3  4  5  6  7  8  9 10 11 |
---------------+----------------------------------+-----
Dodging        | 2 3 4 5 7 8 |  8.0
Polearms       | 3 5 6 8 9 10 11 13 14 | 14.0
Charms         | 3 4 5 6 7 8 |  8.6
Armour         | 1 2 3 4 5 6 7 8 9 |  9.1
Fighting       | 3 4 5 6 8 10 | 10.9
Stealth        | 1 2 4 5 6 8 9 |  9.7
Spellcasting   | 3 4 5 6 7 8 |  8.4
Necromancy     | 1 3 4 5 7 |  7.3
Evocations     | 2 4 6 7 |  7.5
Hexes          | 1 2 3 |  3.2

Action                   |  1- 3 |  4- 6 |  7- 9 | 10-12 || total
-------------------------+-------+-------+-------+-------++-------
Melee: Spear             |    41 |       |    11 |       ||    52
       Halberd           |     6 |    27 |   197 |       ||   230
       Kick              |     2 |     5 |    23 |       ||    30
       Bite              |       |       |    14 |       ||    14
       Pseudopods        |       |       |     2 |    13 ||    15
       Peck              |       |       |     1 |    19 ||    20
       Trident           |       |       |       |   144 ||   144
 Cast: Infusion          |     3 |       |       |       ||     3
       Regeneration      |       |     3 |     7 |    10 ||    20
       Spectral Weapon   |       |       |     2 |     4 ||     6
Invok: Request Jelly     |       |     2 |     3 |       ||     5
       Slimify           |       |       |     6 |    13 ||    19
Evoke: Staff of energy   |       |     9 |     7 |       ||    16
       Wand              |       |     1 |     6 |     6 ||    13
  Use: Potion            |     1 |     3 |       |     1 ||     5
       Scroll            |       |       |     1 |     1 ||     2
 Stab: Sleeping          |     1 |       |     2 |     5 ||     8
       Invisible         |       |     5 |       |       ||     5
       Confused          |       |       |       |     2 ||     2
       Distracted        |       |       |       |     2 ||     2
Armor: Leather armour    |    13 |       |       |       ||    13
       Ring mail         |     2 |    12 |    88 |    21 ||   123
Dodge: Dodged            |    26 |    19 |    83 |    54 ||   182
